[Event "ICC tourney 2049 (75 10)"]
[Site "Internet Chess Club"]
[Date "2020.10.11"]
[Round "6"]
[White "orwind"]
[Black "greenninja"]
[Result "0-1"]
[ICCResult "White resigns"]
[WhiteElo "1494"]
[BlackElo "1960"]
[Opening "Sicilian"]
[ECO "B50"]
[NIC "SI.01"]
[Time "14:47:48"]
[TimeControl "4500+10"]

1. e4 c5 2. Nf3 d6 3. Nc3 Nf6 4. e5 dxe5 5. Nxe5 a6 6. d3 Qc7 7. Bf4 Nc6 8.
Ng6 e5 9. Bxe5 Nxe5 10. Nxh8 Bd6 11. Nxf7 Kxf7 12. Be2 Be6 13. h3 Rd8 14.
O-O Kg8 15. Re1 b5 16. Bf1 Nc6 17. Rxe6 Be5 18. Qe2 Bh2+ 19. Kh1 Nd4 20. Qe3
Bf4 21. Qe1 Nxc2 22. Qd1 Nxa1 23. Qxa1 Qc8 24. Qe1 Re8 25. Rxe8+ Qxe8 26.
Qxe8+ Nxe8 27. g3 Be5 28. Bg2 Nd6 29. Bd5+ Kf8 30. Kg2 g5 31. Kf3 Bd4 32.
Ke2 Kg7 33. f3 Be5 34. g4 h6 35. Kd2 b4 36. Na4 Bd4 37. Ke2 Kf6 38. b3 Ke5
39. Bc6 Kf4 40. Nb6 Kg3 41. Nc4 Nf7 42. Bd5 Nh8 43. Ne3 Ng6 44. Nf5+ Kxh3
45. Be4 Nf4+ 46. Kf1 h5 47. gxh5 Nxh5 48. Ke2 Nf4+ 49. Kd2 Kg2 50. Ne3+ Kf2
51. Nd1+ Kf1 52. Ne3+ Bxe3+ 53. Kxe3 Ng2+ 54. Kd2 Kf2 55. d4 cxd4 56. Kd3
Ne1+ 57. Kxd4 Nxf3+ 58. Kc4 g4 59. Bf5 g3 60. Bh3 Ng5 61. Bg2 {White
resigns} 0-1

[Event "ICC tourney 2049 (75 10)"]
[Site "Internet Chess Club"]
[Date "2020.10.11"]
[Round "6"]
[White "hpu2005"]
[Black "RhettLangseth"]
[Result "0-1"]
[ICCResult "White resigns"]
[WhiteElo "1947"]
[BlackElo "2154"]
[Opening "Old Indian: Ukrainian variation"]
[ECO "A53"]
[NIC "OI.04"]
[Time "14:47:13"]
[TimeControl "4500+10"]

1. d4 d6 2. c4 Nf6 3. Nc3 e5 4. dxe5 dxe5 5. Qxd8+ Kxd8 6. Bg5 Be6 7. e3 c6
8. Nf3 Nd7 9. Bh4 Bd6 10. Ng5 Ke7 11. Nxe6 Kxe6 12. g3 Ng4 13. Bh3 f5 14.
Ke2 Nb6 15. b3 Bb4 16. Rac1 Bxc3 17. Rxc3 e4 18. f3 exf3+ 19. Kxf3 h6 20. e4
Ne5+ 21. Ke3 g5 22. Bxf5+ Ke7 23. Bxg5+ hxg5 24. h4 gxh4 25. gxh4 Rag8 26.
Kd4 Nbd7 27. b4 Rh6 28. c5 Rgh8 29. Ra3 a6 30. Rah3 Rxh4 31. Rxh4 Rxh4 32.
Rxh4 Nf3+ 33. Kc4 Nxh4 34. Bxd7 Kxd7 35. a4 Ke6 36. Kd4 Ng6 37. Kc4 Ke5 38.
Kd3 Nf4+ 39. Ke3 Nh5 {White resigns} 0-1

[Event "ICC tourney 2049 (75 10)"]
[Site "Internet Chess Club"]
[Date "2020.10.11"]
[Round "6"]
[White "pika0008"]
[Black "RG2017"]
[Result "1/2-1/2"]
[ICCResult "Game drawn by mutual agreement"]
[WhiteElo "1664"]
[BlackElo "1911"]
[Opening "English: Wimpey system"]
[ECO "A13"]
[NIC "QP.09"]
[Time "14:46:58"]
[TimeControl "4500+10"]

1. Nf3 d5 2. c4 e6 3. e3 Nf6 4. b3 c5 5. Bb2 Nc6 6. cxd5 exd5 7. d4 Bd6 8.
Be2 O-O 9. O-O Re8 10. Re1 Bg4 11. dxc5 Bxc5 12. Nc3 Be7 13. Rc1 h6 14. h3
Be6 15. Nd4 Nxd4 16. exd4 Bd6 17. Bd3 Bb8 18. Ba3 Qc7 19. g3 Qa5 20. Bc5 Qd8
21. Bb5 Bd7 22. Rxe8+ Qxe8 23. Qe2 Qxe2 24. Bxe2 Bxh3 25. Bf3 Be6 26. Be7
Ne8 27. Nxd5 Bd6 28. Re1 Bxe7 29. Nxe7+ Kf8 30. Ng6+ fxg6 31. Rxe6 Kf7 32.
Re3 Rd8 33. Bxb7 Rxd4 34. Bf3 Rd7 35. Kf1 Re7 36. Be4 Kf6
{Game drawn by mutual agreement}
1/2-1/2

[Event "ICC tourney 2049 (75 10)"]
[Site "Internet Chess Club"]
[Date "2020.10.11"]
[Round "6"]
[White "Almanac2050"]
[Black "tigertiger2019"]
[Result "1-0"]
[ICCResult "Black checkmated"]
[WhiteElo "1772"]
[BlackElo "1648"]
[Opening "Sicilian: Sozin with ...a6 and ...b5"]
[ECO "B87"]
[NIC "SI.13"]
[Time "14:47:10"]
[TimeControl "4500+10"]

1. e4 c5 2. Nf3 d6 3. d4 cxd4 4. Nxd4 Nf6 5. Nc3 a6 6. Bc4 e6 7. Bb3 b5 8.
f3 Bb7 9. Be3 Nbd7 10. Qd2 Nc5 11. O-O Be7 12. a4 b4 13. Na2 a5 14. Rfd1 O-O
15. Nb5 Nxb3 16. cxb3 d5 17. Qf2 Qd7 18. Rac1 Rfc8 19. e5 Ne8 20. Bc5 Bxc5
21. Rxc5 Rxc5 22. Qxc5 Bc6 23. Nd4 Bxa4 24. Rc1 h6 25. bxa4 Qxa4 26. Qc6
Qxc6 27. Rxc6 g6 28. Kf2 Ng7 29. Ke2 Nf5 30. Kd3 Nxd4 31. Kxd4 b3 32. Nc1 a4
33. Kc3 Rb8 34. Nd3 g5 35. Rc5 Kg7 36. Ra5 Rc8+ 37. Nc5 d4+ 38. Kxd4 Rd8+
39. Kc3 Rd5 40. Nxb3 axb3 41. Rxd5 exd5 42. Kxb3 Kg6 43. Kc3 Kf5 44. Kd4 Ke6
45. b4 h5 46. b5 g4 47. b6 Kd7 48. Kxd5 Kc8 49. e6 fxe6+ 50. Kxe6 gxf3 51.
gxf3 Kb7 52. f4 Kxb6 53. f5 Kc5 54. f6 Kd4 55. f7 Ke4 56. f8=Q h4 57. Qh6 h3
58. Qxh3 Kf4 59. Qg3+ Ke4 60. Qg4+ Ke3 61. h4 Kf2 62. Qh3 Ke2 63. h5 Kd2 64.
h6 Ke1 65. Qg2 Kd1 66. h7 Kc1 67. h8=R Kb1 68. Rh1# {Black checkmated} 1-0

[Event "ICC tourney 2049 (75 10)"]
[Site "Internet Chess Club"]
[Date "2020.10.11"]
[Round "6"]
[White "BobbyFissure"]
[Black "Arshshah"]
[Result "0-1"]
[ICCResult "White checkmated"]
[WhiteElo "1462"]
[BlackElo "1890"]
[Opening "Bird's opening"]
[ECO "A03"]
[NIC "VO.07"]
[Time "14:47:13"]
[TimeControl "4500+10"]

1. f4 d5 2. b3 Nc6 3. Nf3 Nf6 4. Bb2 e6 5. e3 Be7 6. Be2 b6 7. O-O Bb7 8. d3
Na5 9. h3 c5 10. c4 O-O 11. Nbd2 Nc6 12. Qc2 Rc8 13. Ne5 Qc7 14. Ndf3 h6 15.
a3 Rfd8 16. d4 dxc4 17. Nxc6 Qxc6 18. bxc4 cxd4 19. Bxd4 Kh8 20. Bd3 Kg8 21.
Ne5 Qc7 22. g4 Nd7 23. Bh7+ Kf8 24. Nxf7 Qc6 25. Qg6 Qg2# {White checkmated}
0-1

[Event "ICC tourney 2049 (75 10)"]
[Site "Internet Chess Club"]
[Date "2020.10.11"]
[Round "6"]
[White "Elieman"]
[Black "ZaeemA"]
[Result "0-1"]
[ICCResult "White resigns"]
[WhiteElo "2057"]
[BlackElo "1734"]
[Opening "Vienna game"]
[ECO "C26"]
[NIC "VG.02"]
[Time "14:47:20"]
[TimeControl "4500+10"]

1. e4 e5 2. Nc3 Nf6 3. Bc4 Bc5 4. f4 d5 5. Bxd5 Bxg1 6. Rxg1 Bg4 7. Ne2 Nxd5
8. exd5 Qxd5 9. h3 Be6 10. fxe5 Qxe5 11. d4 Qh5 12. Bf4 c6 13. Qd3 Nd7 14.
O-O-O O-O 15. g4 Qg6 16. Qg3 b5 17. h4 Rfe8 18. Rd2 a5 19. h5 Qf6 20. Nc3
Bc4 21. g5 Qe7 22. g6 fxg6 23. hxg6 h6 24. Nd1 b4 25. Ne3 Be6 26. Re2 a4 27.
Nf5 Qf6 28. Nd6 Re7 29. Rge1 b3 30. cxb3 axb3 31. a3 Qxd4 32. Rxe6 Rxa3 33.
bxa3 Qa1+ 34. Kd2 Qb2+ 35. Kd3 Qc2+ 36. Kd4 Qc5+ 37. Kd3 Qc2+ 38. Kd4 Qc5+
39. Kd3 Qc2+ 40. Ke3 Rxe6+ 41. Kf3 Qc3+ 42. Be3 Rf6+ 43. Kg2 Qc2+ 44. Bf2
Rxg6 45. Re8+ Nf8 46. a4 Rxg3+ 47. Kxg3 Qc3+ 48. Be3 b2 49. Rb8 Qe1+ 50. Kf4
b1=Q 51. Rxb1 Ne6+ 52. Kf5 Qxb1+ 53. Kxe6 h5 54. a5 Qa2+ 55. Kd7 Qxa5 56.
Kxc6 h4 57. Nc4 Qh5 58. Nd6 h3 59. Ne4 Qf3 {White resigns} 0-1

[Event "ICC tourney 2049 (75 10)"]
[Site "Internet Chess Club"]
[Date "2020.10.11"]
[Round "6"]
[White "odlepikachu"]
[Black "rmauskopf24"]
[Result "0-1"]
[ICCResult "White resigns"]
[WhiteElo "1865"]
[BlackElo "1621"]
[Opening "King's Indian: Semi-Averbakh system"]
[ECO "E73"]
[NIC "KI.27"]
[Time "14:46:58"]
[TimeControl "4500+10"]

1. d4 Nf6 2. c4 g6 3. Nc3 Bg7 4. e4 d6 5. Be2 O-O 6. Be3 e5 7. d5 Nbd7 8. g4
Nc5 9. f3 a5 10. Nh3 Nfd7 11. Nf2 f5 12. gxf5 gxf5 13. exf5 Rxf5 14. Rg1 Qh4
15. Qd2 e4 16. Bh6 Rf7 17. Rxg7+ Rxg7 18. Bxg7 Kxg7 19. O-O-O exf3 20. Rg1+
Kh8 21. Bxf3 Qxf2 22. Qxf2 Nd3+ 23. Kd2 Nxf2 24. Ke3 Nh3 25. Rg3 Ne5 26. Bg2
Ng4+ 27. Kf3 Ng5+ 28. Kf4 Nf7 29. Nb5 Nge5 30. Nxc7 Rb8 31. Ne6 b6 32. Be4
Rb7 33. Nf8 Nd8 34. Ne6 Nxe6+ 35. dxe6 Re7 36. Rb3 Nxc4 37. Bd5 Bxe6 38.
Bxe6 Rxe6 39. Kf5 Re5+ 40. Kf6 Re8 41. Rc3 d5 42. b3 Nd6 43. Rc6 Nc8 44. Kf7
Rd8 45. Rc3 d4 46. Rd3 {White resigns} 0-1

[Event "ICC tourney 2049 (75 10)"]
[Site "Internet Chess Club"]
[Date "2020.10.11"]
[Round "6"]
[White "python0812"]
[Black "OctopusYule"]
[Result "1-0"]
[ICCResult "Black resigns"]
[WhiteElo "2054"]
[BlackElo "1819"]
[Opening "Ruy Lopez: Marshall counter-attack"]
[ECO "C89"]
[NIC "RL.17"]
[Time "14:47:05"]
[TimeControl "4500+10"]

1. e4 e5 2. Nf3 Nc6 3. Bb5 a6 4. Ba4 Nf6 5. O-O Be7 6. Re1 b5 7. Bb3 O-O 8.
c3 d5 9. d4 dxe4 10. dxe5 exf3 11. exf6 Bxf6 12. Qxf3 Bb7 13. Bf4 Na5 14.
Qg3 Nxb3 15. axb3 c5 16. Nd2 Qb6 17. Ne4 Bxe4 18. Rxe4 Rfe8 19. Qe3 Rxe4 20.
Qxe4 Rd8 21. h3 h6 22. Be3 Qd6 23. Qb7 Be5 24. g4 h5 25. gxh5 Qe6 26. Kg2
Qxb3 27. Rxa6 Bf6 28. h6 Qc2 29. Qf3 Qg6+ 30. Qg4 Qxg4+ 31. hxg4 Be7 32.
hxg7 Kxg7 33. Rc6 Rd5 34. Rc7 Bf8 35. Kf3 b4 36. Ke4 Rd1 37. Bxc5 Bxc5 38.
Rxc5 Rd2 39. cxb4 Rxb2 40. b5 Rxf2 41. Kd5 Kg6 42. Kc6 Rg2 43. g5 f5 44.
gxf6 Kxf6 45. b6 Rb2 46. b7 Ke7 47. Rb5 Rc2+ 48. Kb6 {Black resigns} 1-0

[Event "ICC tourney 2049 (75 10)"]
[Site "Internet Chess Club"]
[Date "2020.10.11"]
[Round "6"]
[White "clair"]
[Black "Knightoffaith"]
[Result "1/2-1/2"]
[ICCResult "Game drawn by mutual agreement"]
[WhiteElo "1721"]
[BlackElo "1776"]
[Opening "Queen's pawn: London system"]
[ECO "A45"]
[NIC "QP.07"]
[Time "14:47:17"]
[TimeControl "4500+10"]

1. d4 Nf6 2. Bf4 b6 3. e3 Bb7 4. Nf3 e6 5. Nbd2 Be7 6. Bd3 c5 7. c3 O-O 8.
h3 Nc6 9. O-O d6 10. Ne4 cxd4 11. exd4 Nxe4 12. Bxe4 Bf6 13. Qc2 g6 14. Rfe1
Rc8 15. a3 d5 16. Bd3 Nxd4 17. Nxd4 Bxd4 18. Qa4 Bg7 19. Qxa7 Bc6 20. Bf1
Re8 21. Qa6 Ra8 22. Qd3 e5 23. Be3 d4 24. cxd4 exd4 25. Bd2 Qd5 26. Rac1
Rxe1 27. Bxe1 Be5 28. Qc4 Qxc4 29. Rxc4 Bd7 30. Rb4 Rb8 31. a4 Kf8 32. Bd3
Ke7 33. f3 Bd6 34. Rxd4 Bc5 35. Bb4 Ke8 36. Bxc5 bxc5 37. Re4+ Kd8 38. Rc4
Rxb2 39. Rxc5 Bxa4 40. Ra5 Bc6 41. Rc5 Kd7 42. Rc4 Rd2 43. Be4 Bb5 44. Rb4
Bc6 45. Rc4 Bxe4 46. Rxe4 Rd5 47. Kf2 Rd2+ 48. Kf1 Rd5 49. Kf2 Rd2+ 50. Kg1
Rd1+ 51. Kf2 Rd2+ 52. Kf1 Rd1+ 53. Ke2 Rg1 54. Kf2 Rd1 55. g4 Rd5 56. h4 h5
57. gxh5 Rxh5 58. Kg3 {Game drawn by mutual agreement} 1/2-1/2

[Event "ICC tourney 2049 (75 10)"]
[Site "Internet Chess Club"]
[Date "2020.10.11"]
[Round "6"]
[White "goodcrowdchess"]
[Black "BranKing"]
[Result "0-1"]
[ICCResult "White checkmated"]
[WhiteElo "1604"]
[BlackElo "2112"]
[Opening "Sicilian: Pelikan, Chelyabinsk variation"]
[ECO "B33"]
[NIC "SI.37"]
[Time "14:47:26"]
[TimeControl "4500+10"]

1. e4 c5 2. Nf3 Nc6 3. d4 cxd4 4. Nxd4 Nf6 5. Nc3 e5 6. Ndb5 d6 7. Bg5 a6 8.
Na3 b5 9. Nd5 Be7 10. Bxf6 Bxf6 11. c4 b4 12. Nc2 O-O 13. g3 Be6 14. Nde3 a5
15. Bg2 Bg5 16. O-O Bxe3 17. Nxe3 Nd4 18. Qd3 Qb6 19. b3 a4 20. Nc2 Nxc2 21.
Qxc2 axb3 22. axb3 Ra3 23. Rad1 Rfa8 24. Rd2 h6 25. Rfd1 Bg4 26. Rb1 Qa6 27.
h3 Be6 28. Rbd1 Ra1 29. Rxa1 Qxa1+ 30. Rd1 Qa2 31. Qxa2 Rxa2 32. Rxd6 Ra3
33. Rd3 Kh7 34. Bf3 Bxc4 35. Rd7 Rxb3 36. Rc7 Rb1+ 37. Kh2 Be6 38. Bg4 Bxg4
39. hxg4 f6 40. Rb7 b3 41. f4 b2 42. Kg2 exf4 43. gxf4 Re1 44. Rxb2 Rxe4 45.
Kf3 Ra4 46. Rb3 Kg6 47. Rc3 h5 48. gxh5+ Kxh5 49. Kg3 Ra1 50. Rc5+ Kg6 51.
Kg2 Ra3 52. Kf2 f5 53. Kg2 Kf6 54. Rc6+ Kf7 55. Kf2 g6 56. Rc7+ Ke6 57. Rc6+
Kd5 58. Rxg6 Ke4 59. Rb6 Kxf4 60. Rb4+ Kg5 61. Rb5 Kg4 62. Rb8 Ra2+ 63. Kf1
Ra3 64. Kf2 Rf3+ 65. Kg2 Ra3 66. Kf2 Ra2+ 67. Kf1 f4 68. Rb4 Kg3 69. Rb8
Ra1+ 70. Ke2 f3+ 71. Ke3 Re1+ 72. Kd2 f2 73. Rg8+ Kh4 74. Rh8+ Kg5 75. Rg8+
Kh6 76. Rh8+ Kg7 77. Rh3 f1=Q 78. Rg3+ Kh6 79. Ra3 Qe2+ 80. Kc3 Qe3+ 81. Kb4
Rb1+ 82. Rb3 Rxb3+ 83. Ka4 Rb8 84. Ka5 Qa7# {White checkmated} 0-1

[Event "ICC tourney 2049 (75 10)"]
[Site "Internet Chess Club"]
[Date "2020.10.11"]
[Round "6"]
[White "caratclownery"]
[Black "xyzchessdude"]
[Result "0-1"]
[ICCResult "White resigns"]
[WhiteElo "1873"]
[BlackElo "2043"]
[Opening "Sicilian: Sozin, Benkö variation"]
[ECO "B57"]
[NIC "SI.25"]
[Time "14:46:57"]
[TimeControl "4500+10"]

1. e4 c5 2. Nf3 Nc6 3. d4 cxd4 4. Nxd4 Nf6 5. Nc3 d6 6. Bc4 Qb6 7. Nxc6 bxc6
8. O-O g6 9. Bb3 Bg7 10. Be3 Qc7 11. h3 O-O 12. f4 Ba6 13. Re1 Nd7 14. Qf3
Nb6 15. Rad1 Rad8 16. Qg4 Bc4 17. Kh1 Bxb3 18. axb3 e6 19. f5 Qe7 20. Bc1
Nd7 21. Rf1 d5 22. fxg6 fxg6 23. exd5 cxd5 24. Rfe1 Ne5 25. Qg3 Rf5 26. Ne2
Nc6 27. Nf4 Be5 28. Qg4 Qf7 29. Nd3 Bd6 30. Bh6 e5 31. c4 e4 32. cxd5 Qxd5
33. Qxe4 Rf1+ 34. Rxf1 Qxe4 35. Nf2 Qh4 36. Ng4 Be7 37. Rc1 Nd4 38. Rc7 Nf5
39. Bf4 Bd6 40. Bxd6 Rxd6 41. Rc8+ Rd8 42. Rxd8+ Qxd8 43. Rc1 h5 44. Ne5 Qd6
45. Re1 Qd2 46. Nf3 Qf2 47. Re8+ Kg7 48. Rc8 Ne3 49. Rc7+ Kf8 50. Rc8+ Ke7
{White resigns}
0-1

[Event "ICC tourney 2049 (75 10)"]
[Site "Internet Chess Club"]
[Date "2020.10.11"]
[Round "6"]
[White "Randomdude21"]
[Black "JunlinTheWorld"]
[Result "0-1"]
[ICCResult "White checkmated"]
[WhiteElo "1744"]
[BlackElo "1882"]
[Opening "Sicilian: Grand Prix attack"]
[ECO "B23"]
[NIC "SI.44"]
[Time "14:47:09"]
[TimeControl "4500+10"]

1. e4 c5 2. Nc3 Nc6 3. f4 g6 4. Nf3 Bg7 5. Bc4 e6 6. O-O Nge7 7. Qe1 O-O 8.
d3 d5 9. Bb3 b6 10. f5 dxe4 11. dxe4 gxf5 12. Qh4 Nd4 13. Qh5 Ng6 14. Bg5
Qe8 15. Bh6 Nxb3 16. axb3 f6 17. exf5 exf5 18. Nd5 Qf7 19. c4 Be6 20. Rad1
Rad8 21. Rfe1 Bxd5 22. cxd5 Rxd5 23. Bxg7 Rxd1 24. Rxd1 Qxg7 25. Qxf5 Ne5
26. Nxe5 fxe5 27. Qe4 Qf7 28. h3 Qf2+ 29. Kh1 Qf5 30. Qd5+ Kh8 31. Re1 e4
32. Qc4 Re8 33. Re3 Qe5 34. Qc2 Rf8 35. Qe2 Re8 36. Qc2 b5 37. Qe2 a6 38.
Qg4 Qxb2 39. Kh2 Qe5+ 40. Kh1 c4 41. bxc4 bxc4 42. Qe2 Qd4 43. Qh5 Qa1+ 44.
Re1 Qe5 45. Qf7 c3 46. Rc1 e3 47. Rxc3 e2 48. Rc1 e1=Q+ 49. Rxe1 Qxe1+ 50.
Kh2 Qe5+ 51. Kh1 Rb8 52. Qf1 a5 53. h4 a4 54. g4 a3 55. Qc4 Rb1+ 56. Kg2
Rb2+ 57. Kf3 Qf6+ 58. Ke4 Qe7+ 59. Kf5 Rf2+ 60. Qf4 Rxf4+ 61. Kxf4 a2 62. h5
a1=Q 63. h6 Qd4+ 64. Kf5 Qef6# {White checkmated} 0-1

[Event "ICC tourney 2049 (75 10)"]
[Site "Internet Chess Club"]
[Date "2020.10.11"]
[Round "6"]
[White "corviknight"]
[Black "andrewf2009"]
[Result "1-0"]
[ICCResult "Black checkmated"]
[WhiteElo "1817"]
[BlackElo "1743"]
[Opening "Sicilian: Richter-Rauzer, Rauzer attack, 7...a6 defense, 8...Bd7"]
[ECO "B67"]
[NIC "SI.30"]
[Time "14:47:32"]
[TimeControl "4500+10"]

1. e4 c5 2. Nf3 Nc6 3. d4 cxd4 4. Nxd4 Nf6 5. Nc3 d6 6. Bg5 e6 7. Qd2 a6 8.
O-O-O Bd7 9. f4 b5 10. Nxc6 Bxc6 11. Bd3 Be7 12. a3 Rc8 13. h3 Qb6 14. e5
Nd5 15. Bxe7 Kxe7 16. Nxd5+ Bxd5 17. f5 a5 18. Qg5+ Kf8 19. f6 g6 20. Qh6+
Ke8 21. Bxg6 Qc7 22. exd6 Qc6 23. Bxf7+ Kd7 24. c3 b4 25. Qg7 bxc3 26. Be8+
Kxd6 27. Bxc6 cxb2+ 28. Kxb2 Rxc6 29. Qxh8 Rb6+ 30. Ka1 Rb3 31. f7 Rxa3+ 32.
Kb1 Rb3+ 33. Kc1 a4 34. f8=Q+ Kc6 35. Qc8+ Kd6 36. Qhf8+ Ke5 37. Rhe1+ Be4
38. Qcc5# {Black checkmated} 1-0

[Event "ICC tourney 2049 (75 10)"]
[Site "Internet Chess Club"]
[Date "2020.10.11"]
[Round "6"]
[White "Sricharan07"]
[Black "canary2016"]
[Result "0-1"]
[ICCResult "White resigns"]
[WhiteElo "1884"]
[BlackElo "1954"]
[Opening "Petrov: Nimzovich attack"]
[ECO "C42"]
[NIC "RG.03"]
[Time "14:46:59"]
[TimeControl "4500+10"]

1. e4 e5 2. Nf3 Nf6 3. Nxe5 d6 4. Nf3 Nxe4 5. Nc3 Nxc3 6. dxc3 Be7 7. Be3
O-O 8. Qd2 Nd7 9. O-O-O Nf6 10. Bd3 c5 11. h3 Be6 12. Kb1 a6 13. g4 c4 14.
Be2 Ne4 15. Qe1 b5 16. Nd4 Nc5 17. Nc6 Qc7 18. Nxe7+ Qxe7 19. Bxc5 dxc5 20.
Bf3 Rad8 21. Qe3 Qc7 22. Qe4 b4 23. Qc6 Qa5 24. Rxd8 Rxd8 25. Rd1 Rc8 26.
Qd6 bxc3 27. bxc3 g6 28. Kb2 Qb5+ 29. Kc1 Rb8 30. Re1 Rb6 31. Qd8+ Kg7 32.
Kd2 Rb8 33. Qd6 Rf8 34. Qc7 Rc8 35. Qb7 Rd8+ 36. Ke2 Qa5 37. Kf1 Rd7 38. Qc6
Rd8 39. Re3 Rd2 40. Qe8 Qc7 41. Kg2 a5 42. Be4 Qf4 43. Bf3 Qxe3 {White
resigns} 0-1

[Event "ICC tourney 2049 (75 10)"]
[Site "Internet Chess Club"]
[Date "2020.10.11"]
[Round "6"]
[White "arya2"]
[Black "prudhvi"]
[Result "1-0"]
[ICCResult "Black resigns"]
[WhiteElo "2024"]
[BlackElo "2038"]
[Opening "Trompowsky attack (Ruth, Opocenský opening)"]
[ECO "A45"]
[NIC "QP.07"]
[Time "14:47:02"]
[TimeControl "4500+10"]

1. d4 Nf6 2. Bg5 d5 3. e3 h6 4. Bh4 Nbd7 5. Nd2 e6 6. f4 Be7 7. Ngf3 g5 8.
fxg5 Ng4 9. Qe2 hxg5 10. Bg3 Nh6 11. e4 dxe4 12. Nxe4 Nf5 13. O-O-O c6 14.
Qf2 Nf6 15. Nxf6+ Bxf6 16. Ne5 Nxg3 17. Qxg3 Qd5 18. Bc4 Bxe5 19. Qxe5 Qxe5
20. dxe5 Bd7 21. h3 Rd8 22. Rhf1 Rh4 23. Be2 Ke7 24. Bf3 Be8 25. Rxd8 Kxd8
26. Rd1+ Ke7 27. c3 Ra4 28. a3 Ra5 29. Re1 f6 30. exf6+ Kxf6 31. Bg4 Bf7 32.
Kc2 Rd5 33. Rd1 Bg6+ 34. Kc1 Rxd1+ 35. Kxd1 c5 36. Ke2 Ke5 37. Ke3 b6 38. g3
Kf6 39. h4 gxh4 40. gxh4 e5 41. Be2 Bf7 42. Ke4 Bg6+ 43. Kd5 e4 44. Kc6 e3
45. Kb7 b5 46. Bxb5 Bh5 47. Kxa7 Ke5 48. Kb6 Kd5 49. Bf1 c4 50. Kb5 e2 51.
Bxe2 Bxe2 52. a4 Ke4 53. a5 Kd3 54. a6 Kc2 55. a7 Bf3 56. Kxc4 Kxb2 57. h5
Be2+ 58. Kb4 Bxh5 59. a8=Q Kc1 60. c4 Kb2 61. c5 Kc1 62. Qh1+ Kb2 63. Qxh5
Kb1 64. Qe2 {Black resigns} 1-0

[Event "ICC tourney 2049 (75 10)"]
[Site "Internet Chess Club"]
[Date "2020.10.11"]
[Round "6"]
[White "piplup0621"]
[Black "Otelo"]
[Result "1-0"]
[ICCResult "Black resigns"]
[WhiteElo "1923"]
[BlackElo "2028"]
[Opening "QGD Slav: 3.Nf3"]
[ECO "D11"]
[NIC "SL.01"]
[Time "14:47:06"]
[TimeControl "4500+10"]

1. d4 d5 2. c4 c6 3. Nf3 Nf6 4. Qb3 dxc4 5. Qxc4 b6 6. g3 Qd5 7. Qc2 Bf5 8.
Qd1 Bxb1 9. Rxb1 Qxa2 10. Bf4 e6 11. Bg2 Nd5 12. Bd2 Qa6 13. O-O Bd6 14. e4
Ne7 15. Qc2 Nd7 16. Ra1 Qb7 17. Bg5 O-O 18. e5 Bb4 19. Rfc1 Rac8 20. Ne1 Nd5
21. Nd3 Be7 22. Bd2 a5 23. Nf4 Nb8 24. Be4 g6 25. h4 Bb4 26. h5 Bxd2 27.
Qxd2 Qe7 28. Nh3 f5 29. exf6 Nxf6 30. Bf3 Nxh5 31. Bxh5 gxh5 32. Qh6 Qf6 33.
Qxh5 Qxd4 34. Nf4 Qf6 35. Re1 Rce8 36. Re5 Re7 37. Rae1 Rg7 38. Kh1 h6 39.
Nxe6 Nd7 40. R5e2 Rg5 41. Nxg5 hxg5 42. Re6 Qf3+ 43. Qxf3 Rxf3 44. Kg2 Rb3
45. Re8+ Nf8 46. R1e3 Rxe3 47. fxe3 Kf7 48. Rc8 c5 49. Rc7+ Ke6 50. Rc6+
{Black resigns}
1-0

[Event "ICC tourney 2049 (75 10)"]
[Site "Internet Chess Club"]
[Date "2020.10.11"]
[Round "6"]
[White "qiaoqiaoszx"]
[Black "kralj8"]
[Result "1-0"]
[ICCResult "Black checkmated"]
[WhiteElo "2145"]
[BlackElo "1903"]
[Opening "Ruy Lopez: fianchetto (Smyslov/Barnes) defense"]
[ECO "C60"]
[NIC "RL.03"]
[Time "14:46:54"]
[TimeControl "4500+10"]

1. e4 e5 2. Nf3 Nc6 3. Bb5 g6 4. O-O Bg7 5. c3 a6 6. Ba4 b5 7. Bc2 d6 8. h3
Nge7 9. d4 exd4 10. cxd4 O-O 11. Nc3 Bb7 12. Be3 Na5 13. Qc1 f5 14. Bh6 fxe4
15. Bxe4 Bxe4 16. Bxg7 Kxg7 17. Nxe4 Nc4 18. Nfg5 Qd7 19. b3 h6 20. bxc4
hxg5 21. cxb5 axb5 22. Nxg5 Nd5 23. Re1 Rae8 24. Qc2 Rxe1+ 25. Rxe1 Re8 26.
Rxe8 Qxe8 27. Ne4 Qe7 28. a3 b4 29. axb4 Nxb4 30. Qb1 Nc6 31. d5 Nd4 32. f3
Ne2+ 33. Kf2 Nf4 34. Qb2+ Qe5 35. Qxe5+ dxe5 36. Nc3 Kf6 37. h4 Ke7 38. g3
Nd3+ 39. Ke3 Nc5 40. g4 Kd6 41. Ne4+ Kxd5 42. Nxc5 Kxc5 43. h5 gxh5 44. gxh5
Kb4 45. h6 c5 46. h7 c4 47. h8=Q c3 48. Kd3 Kb3 49. Qb8+ Ka2 50. Kxc3 e4 51.
Qb2# {Black checkmated} 1-0

[Event "ICC tourney 2049 (75 10)"]
[Site "Internet Chess Club"]
[Date "2020.10.11"]
[Round "6"]
[White "kwen2008"]
[Black "Natey"]
[Result "0-1"]
[ICCResult "White checkmated"]
[WhiteElo "1716"]
[BlackElo "1708"]
[Opening "Neo-Grünfeld, 6.cd Nxd5, 7.O-O"]
[ECO "D74"]
[NIC "KI.80"]
[Time "14:47:04"]
[TimeControl "4500+10"]

1. d4 Nf6 2. c4 g6 3. g3 Bg7 4. Bg2 d5 5. cxd5 Nxd5 6. Nf3 O-O 7. O-O Nc6 8.
e3 Nb6 9. Nc3 Bf5 10. a3 Qd7 11. Re1 Rad8 12. Ng5 h6 13. Nge4 Bxe4 14. Nxe4
e5 15. Nc5 Qc8 16. d5 Nxd5 17. Bxd5 Ne7 18. Bxf7+ Rxf7 19. Qb3 b6 20. Ne6
Rd6 21. Nxg7 Kxg7 22. e4 Nc6 23. Be3 Qg4 24. Rad1 Rdf6 25. Rd2 h5 26. Qd1
Rf3 27. Rc2 h4 28. Qd2 Na5 29. b4 hxg3 30. fxg3 Nb7 31. Qd1 Nd6 32. Qa1 Qh5
33. Bc1 Rf1+ 34. Rxf1 Rxf1+ 35. Kxf1 Qd1+ 36. Kg2 Qxc2+ 37. Kh3 Qxe4 38. Qc3
Nb5 39. Qd2 Nd4 40. Qh6+ Kf6 41. Qf8+ Ke6 42. Qg8+ Kd7 43. Qf7+ Kc8 44. Qe8+
Kb7 45. Qf7 Qc6 46. Be3 Qe6+ 47. Qxe6 Nxe6 48. Kg4 Kc6 49. h4 Kd5 50. h5
gxh5+ 51. Kxh5 Ke4 52. Bc1 Kf3 53. g4 e4 54. g5 e3 55. g6 e2 56. Bd2 Nf4+
57. Kg5 Nxg6 58. Kxg6 Kf2 59. Kf6 e1=Q 60. Bxe1+ Kxe1 61. Ke6 Kd2 62. Kd5
Kc3 63. b5 Kb3 64. Kc6 Kxa3 65. Kxc7 Kb4 66. Kb7 Kxb5 67. Kxa7 Ka5 68. Kb7
b5 69. Kc7 b4 70. Kb7 b3 71. Kc7 b2 72. Kb7 b1=Q+ 73. Kc7 Qc2+ 74. Kb7 Qd3
75. Kc6 Qc4+ 76. Kb7 Qe6 77. Kc7 Kb5 78. Kd8 Qf7 79. Kc8 Qe7 80. Kb8 Qd7 81.
Ka8 Kb6 82. Kb8 Qb7# {White checkmated} 0-1

[Event "ICC tourney 2049 (75 10)"]
[Site "Internet Chess Club"]
[Date "2020.10.11"]
[Round "6"]
[White "Adhvaith0406"]
[Black "challenger2010"]
[Result "1/2-1/2"]
[ICCResult "Game drawn because neither player has mating material"]
[WhiteElo "2005"]
[BlackElo "2135"]
[Opening "Sicilian: dragon, Levenfish variation"]
[ECO "B71"]
[NIC "SI.15"]
[Time "14:47:16"]
[TimeControl "4500+10"]

1. e4 c5 2. Nf3 d6 3. d4 cxd4 4. Nxd4 Nf6 5. Nc3 g6 6. f4 e5 7. Nf3 exf4 8.
Bxf4 Nc6 9. Qd2 Be6 10. O-O-O Qa5 11. a3 O-O-O 12. Nd4 Kb8 13. Nxe6 fxe6 14.
Bc4 e5 15. Bg5 Bg7 16. Rhf1 Rhf8 17. Kb1 Nd4 18. Bxf6 Rxf6 19. Rxf6 Bxf6 20.
Rf1 Rc8 21. Be6 Bg5 22. Qxg5 Nxe6 23. Qe7 Qa6 24. Rf6 Nd4 25. Qxd6+ Qxd6 26.
Rxd6 Rf8 27. Nd5 a5 28. Rf6 Rd8 29. Rf7 a4 30. g4 b5 31. g5 Rc8 32. c3 Nb3
33. Kc2 Nc5 34. Nf6 Rd8 35. Rxh7 Nb3 36. c4 Rc8 37. Nd7+ Kc7 38. Nc5+ Kd6
39. Nxb3 Rxc4+ 40. Kd3 axb3 41. Rh6 Rc2 42. Rxg6+ Kc5 43. Rh6 Rxb2 44. Kc3
Rg2 45. Kxb3 Rxg5 46. Rh3 Kd4 47. Kb4 Kxe4 48. Kxb5 Kd4 49. Rh8 e4+ 50. Kb6
e3 51. Rd8+ Rd5 52. Re8 Re5 53. Rd8+ Ke4 54. Rd1 e2 55. Re1 Kd3 56. a4 Kd2
57. Rxe2+ Rxe2 58. a5 Kc3 59. a6 Rb2+ 60. Kc7 Rxh2 61. a7 Rh8 62. Kb7 Kb4
63. a8=Q Rxa8 64. Kxa8 {Game drawn because neither player has mating
material} 1/2-1/2